 Dungeon Crawl Stone Soup version 0.30-a0-634-g8abc85282e (webtiles) character file.

Game seed: 16918650670235834993

1990 holysushi the Carver (level 9, 0/72 HPs)
             Began as a Meteoran Warper on Jan 14, 2023.
             Slain by an ogre
             ... wielding a +0 giant spiked club
              (25 damage)
             ... on level 7 of the Dungeon.
             The game lasted 00:18:02 (2648 turns).

holysushi the Carver (Meteoran Warper)              Turns: 2648, Time: 00:18:03

Health: 0/72       AC: 14    Str: 13    XL:     9   Next: 72%
Magic:  23/23      EV: 14    Int: 19    God:
Gold:   188        SH:  0    Dex: 22    Spells: 8/13 levels left

rFire   . . .      SeeInvis .    n - +0 long sword
rCold   . . .      Faith    .    (no shield)
rNeg    . . .      Spirit   .    e - +4 ring mail
rPois   .          Reflect  .    m - +2 hat {Stlth+}
rElec   .          Harm     .    s - scarf {repulsion}
rCorr   .          Rampage  .    c - +0 pair of gloves
Will    +....                    (no boots)
Stlth   +                        (no amulet)
HPRegen 0.32/turn                f - +6 ring of dexterity
MPRegen 0.18/turn                w - ring of magical power

@: glowing, repel missiles
A: sense surroundings 2, otherworldly, glowing, explore regen, talons 1,
iridescent scales 1, clever 1
a: no special abilities


You were on level 7 of the Dungeon.
You visited 1 branch of the dungeon, and saw 8 of its levels.

You collected 188 gold pieces.

Inventory:

Hand Weapons
 a - a +0 falchion
 n - a +0 long sword (weapon)
Missiles
 d - 7 boomerangs of dispersal (quivered)
 o - 11 boomerangs
 t - 2 atropa-tipped darts
 y - 2 throwing nets
Armour
 b - a +0 leather armour
 c - a +0 pair of gloves (worn)
 e - a +4 ring mail (worn)
 i - a +0 cloak
 m - a +2 hat of stealth (worn)
 p - the +0 leather armour "Imotul" {Fly}
   (You found it on level 3 of the Dungeon)

   Fly:       It grants you flight.
 s - a scarf of repulsion (worn)
 u - a +0 helmet
Jewellery
 f - a +6 ring of dexterity (left hand)
 w - a ring of magical power (right hand)
Scrolls
 j - a scroll of teleportation
 l - 2 scrolls of vulnerability
 q - a scroll of magic mapping
 r - a scroll of fog {unknown}
Potions
 g - 2 potions of flight
 h - 2 potions of attraction
 k - a potion of curing


   Skills:
 + Level 4.4 Fighting
 + Level 12.5 Long Blades
 - Level 1.2 Throwing
 - Level 1.2 Armour
 + Level 5.4 Dodging
 - Level 0.2 Stealth
 - Level 2.6 Spellcasting
 - Level 3.6 Translocations


You had 8 spell levels left.
You knew the following spells:

 Your Spells              Type           Power      Damage    Failure   Level
a - Blink                 Tloc           32%        N/A       12%         2
b - Lesser Beckoning      Tloc           32%        N/A       22%         3

Your spell library contained the following spells:

 Spells                   Type           Power      Damage    Failure   Level
 Teleport Other           Tloc           16%        N/A       22%         3
 Portal Projectile        Hex/Tloc       18%        N/A       43%         3
 Vhi's Electric Charge    Tloc/Air       18%        N/A       43%         3
 Sublimation of Blood     Necr           2%         N/A       45%         2
 Wereblood                Tmut           2%         N/A       45%         2
 Manifold Assault         Tloc           16%        N/A       58%         4
 Call Canine Familiar     Summ           2%         N/A       69%         3
 Leda's Liquefaction      Hex/Erth       1%         N/A       97%         4
 Summon Hydra             Summ           1%         N/A       100%        7


Dungeon Overview and Level Annotations

Branches:
Dungeon (8/15) Zot: 2187   Temple (0/1) D:7
   Lair: D:8-11

Altars:
Dithmenos
Ru

Annotations:
D:4 Blork the orc
D:6 1 exclusion


Innate Abilities, Weirdness & Mutations

You passively map the area around you.
You are easily found by Zot.
You glow in the dark.
You regain HP and MP as you explore.
You have sharp toenails.
You are partially covered in iridescent scales. (AC +2)
Your mind is acute. (Int +4, Str/Dex -1)


Message History

You kill the killer bee!
The kobold hits you but does no damage.
You closely miss the kobold. You claw the kobold, but do no damage.
You hit the kobold. You claw the kobold.
The kobold is severely wounded.
The kobold hits you but does no damage.
You slash the kobold!
You kill the kobold!
Items here: ( ))) †.
An orc comes into view. It is wielding a +0 dagger.
The orc shouts!
You hear a shout!
A gargoyle comes into view. It is wielding a +0 flail.
An orc comes into view. It is wielding a +2 whip of draining.
An orc priest comes into view. It is wielding a +0 hand axe.
The orc priest shouts!
The orc hits you but does no damage.
The gargoyle hurls a stone arrow at you.
The stone arrow hits you!
The orc priest mumbles some strange prayers to Beogh against you.
Beogh smites you!
As you read the scroll of teleportation, it crumbles to dust.
You feel strangely unstable. The orc barely misses you.
The orc attacks as you move away! The orc hits you but does no damage.
Your surroundings suddenly seem different.
An ogre comes into view. It is wielding a +0 giant spiked club.
You aren't carrying any items that you can evoke.
Unknown command.
Okay, then.
You swing at nothing.
You slash the ogre! Your kick misses the ogre.
The ogre is heavily wounded.
You hit the ogre but do no damage.
The ogre is heavily wounded.
The ogre hits you with a +0 giant spiked club!
You slash the ogre! You claw the ogre, but do no damage.
The ogre is almost dead.
You hit the ogre but do no damage. You claw the ogre.
The ogre is almost dead.
The ogre hits you with a +0 giant spiked club!!
You die...

#....................
#.................. *
#..................
.....~...............
,##......>.....?......
#............#......
#.#####.....#...>...
#.O.# #.....#....>..
*, #..@#
#.....#....... #...#
#......###.... ,
#...#* , ,.## ###.. ,
#.... , ~ ##. *#.... ,
* ~~ ~## #..... ,* ~ #
#..... ~ * ~#
#......8,8 ** * ~ , ,
, ... , , _*


You could see an ogre.

Vanquished Creatures
  Sigmund (D:6)
  A vampire mosquito (D:7)
  A black bear (D:6)
  An orc warrior (D:7)
  A sky beast (D:7)
  A kobold brigand (D:7)
  A bullfrog (D:7)
  3 necrophages
  A gnoll sergeant (D:6)
  4 scorpions
  3 wights
  4 killer bees
  An orc priest (D:5)
  6 hounds
  3 jellies
  3 iguanas
  6 gnolls (D:6)
  4 adders
  2 white imps (D:6)
  An ufetubus (D:5)
  2 worms
  A dart slug (D:1)
  10 orcs
  6 endoplasms
  2 giant cockroaches
  6 goblins
  7 hobgoblins
  6 jackals
  2 ball pythons
  2 bats
  A frilled lizard (D:2)
  7 kobolds
100 creatures vanquished.

Notes
Turn   | Place    | Note
-------+----------+-------------------------------------------
     0 | D:1      | holysushi the Meteoran Warper began the quest for the Orb.
     0 | D:1      | Reached XP level 1. HP: 17/17 MP: 5/5
    63 | D:1      | Reached skill level 3 in Long Blades
    63 | D:1      | Reached XP level 2. HP: 24/24 MP: 6/6
    80 | D:1      | Learned a level 2 spell: Blink
   352 | D:2      | Reached XP level 3. HP: 29/29 MP: 8/8
   441 | D:2      | Reached skill level 4 in Long Blades
   529 | D:2      | Learned a level 3 spell: Lesser Beckoning
   597 | D:3      | Identified the +0 leather armour "Imotul" {Fly}
   637 | D:5      | Entered Level 5 of the Dungeon
   637 | D:5      | Noticed a scorpion
   648 | D:4      | Reached XP level 4. HP: 29/36 MP: 9/9
   964 | D:3      | Reached XP level 5. HP: 35/41 MP: 10/10
   978 | D:3      | Reached skill level 5 in Long Blades
  1014 | D:4      | Found a sacrificial altar of Ru.
  1049 | D:4      | Noticed a necrophage
  1060 | D:4      | Killed a necrophage
  1061 | D:4      | Reached XP level 6. HP: 44/48 MP: 11/11
  1160 | D:3      | Reached skill level 6 in Long Blades
  1250 | D:4      | Found a shadowy altar of Dithmenos.
  1264 | D:4      | Reached skill level 5 in Dodging
  1264 | D:4      | Reached XP level 7. HP: 46/55 MP: 12/12
  1308 | D:4      | Noticed Blork the orc
  1482 | D:4      | Reached skill level 7 in Long Blades
  1586 | D:5      | Reached skill level 8 in Long Blades
  1683 | D:6      | Reached XP level 8. HP: 56/61 MP: 13/13
  1772 | D:6      | Reached skill level 9 in Long Blades
  1848 | D:6      | Gained mutation: You have sharp toenails. [potion of
                  | mutation]
  1848 | D:6      | Gained mutation: You are partially covered in iridescent
                  | scales. (AC +2) [potion of mutation]
  1848 | D:6      | Gained mutation: Your mind is acute. (Int +4, Str/Dex -1)
                  | [potion of mutation]
  1894 | D:6      | Noticed Sigmund
  1922 | D:6      | Reached skill level 10 in Long Blades
  2266 | D:6      | Killed Sigmund
  2267 | D:6      | Reached skill level 11 in Long Blades
  2267 | D:6      | Gained mutation: You passively map the area around you.
                  | [Meteoran growth]
  2267 | D:6      | Reached XP level 9. HP: 48/67 MP: 14/14
  2483 | D:7      | Reached skill level 12 in Long Blades
  2636 | D:7      | Noticed a gargoyle
  2648 | D:7      | Slain by an ogre

Illustrated notes

Levels and vault maps discovered:
D:1:      amcnicky_arrival_gap_in_the_tavern_cellar, layout_rooms
D:2:      layout_loops_cross
D:3:      layout_basic
D:4:      layout_loops_cross, nicolae_dithmenos_through_a_glass_darkly,
          mainiacjoe_overflow_six_doors_small, kennysheep_little_box,
          uniq_blork_the_orc
D:5:      layout_rooms
D:6:      layout_basic, lightli_ossuary_entry_decrepit_ruins, uniq_sigmund
D:7:      layout_basic, kennysheep_orc_sif_temple, temple_fountains,
          minmay_manual_monolith, uniq_crazy_yiuf_cottage, uniq_duvessa,
          uniq_joseph
D:8:      layout_layer_cave, enter_bailey_3, uniq_maggie

Skill      XL: |  1  2  3  4  5  6  7  8  9 |
---------------+----------------------------+-----
Long Blades    | 3 4 5 6 8 11 12 | 12.5
Dodging        | 3 4 5 |  5.4
Fighting       | 4 |  4.4
Throwing       | |  1.2
Armour         | |  1.2
Stealth        | |  0.2
Spellcasting   | |  2.6
Translocations | |  3.6

Action                   |  1- 3 |  4- 6 |  7- 9 || total
-------------------------+-------+-------+-------++-------
Melee: Falchion          |    83 |   107 |   222 ||   412
       Punch             |     1 |       |     4 ||     5
       Kick              |       |       |    75 ||    75
       Long sword        |       |       |    99 ||    99
 Cast: Lesser Beckoning  |       |     1 |     2 ||     3
       Blink             |       |       |     2 ||     2
  Use: Scroll            |       |       |    16 ||    16
       Potion            |       |       |     6 ||     6
 Stab: Sleeping          |       |     2 |     2 ||     4
       Distracted        |       |       |     1 ||     1
Armor: Leather armour    |    27 |    34 |    73 ||   134
       Skin              |       |       |    44 ||    44
       Ring mail         |       |       |    48 ||    48
Dodge: Dodged            |    52 |    50 |   201 ||   303
       Repelled          |       |       |     6 ||     6

Table legend: (Time is in decaauts)
 A = Elapsed time spent in this place.
 B = Non-inter-level travel time spent in this place.
 C = Inter-level travel time spent in this place.
 D = Time resting spent in this place.
 E = Time spent auto-exploring this place.
 F = Levels seen in this place.
 G = Mean time per level.
                   A        B        C        D        E       F      G
               +--------+--------+--------+--------+--------+-----+--------+
         Total |   2612 |   2562 |     50 |      0 |      0 |   8 |  326.5 |
       Dungeon |   2612 |   2562 |     50 |      0 |      0 |   8 |  326.5 |
               +--------+--------+--------+--------+--------+-----+--------+

Top non-repeatable levels by time:
     D:6: 604 daAuts
     D:1: 398 daAuts
     D:2: 385 daAuts
     D:4: 376 daAuts
     D:3: 349 daAuts
     D:7: 278 daAuts
     D:5: 209 daAuts
     D:8: 8 daAuts
